 Dungeon Crawl Stone Soup version 0.19-a0-1002-g674d22e (webtiles) character file.

64024 mrath the Grappler (level 14, -5/144 HPs)
             Began as a Troll Monk on July 18, 2016.
             Was the Champion of Hepliaklqana.
             Slain by a phantasmal warrior (24 damage)
             ... led by a death knight
             ... on level 13 of the Dungeon.
             The game lasted 02:11:41 (23808 turns).

mrath the Grappler (Troll Monk)                    Turns: 23808, Time: 02:11:41

Health: -5/144     AC: 15    Str: 22    XL:     14   Next: 70%
Magic:  18/18      EV: 15    Int:  9    God:    Hepliaklqana [******]
Gold:   1254       SH:  0    Dex: 16    Spells: 0 memorised, 13 levels left

rFire  + . .     SeeInvis +       - Unarmed
rCold  + . .     Gourm    +     S - +2 robe {rC+ rF+}
rNeg   . . .     Faith    .     (no shield)
rPois  .         Spirit   .     (helmet restricted)
rElec  +         Dismiss  .     b - +1 cloak of the Aged Tales {rElec rCorr Int+3 Slay+3}
rCorr  +         Reflect  .     (gloves unavailable)
SustAt .         Harm     .     (boots unavailable)
MR     .....                    H - amulet of magic regeneration
Stlth  +++.......               U - +5 ring of protection
                                K - ring of see invisible

@: vulnerable, slowed, very slow, not resistant to hostile enchantments, fairly
stealthy
A: unfitting armour, claws 3, fast metabolism 3, gourmand, regeneration 2,
shaggy fur 1, tough skin 2
a: Recall Ancestor, Ancestor Identity, Transference, Idealise, Renounce Religion


You were on level 13 of the Dungeon.
You worshipped Hepliaklqana.
Hepliaklqana was exalted by your worship.
You were completely stuffed.

You visited 4 branches of the dungeon, and saw 22 of its levels.

You collected 1820 gold pieces.
You spent 566 gold pieces at shops.

Inventory:

Hand Weapons
 k - a +2 hunting sling of velocity
 z - a +2 quarterstaff of protection
 O - the +7 bardiche "Zeute" {flame, rN+ Str+3}
   (You found it on level 7 of the Dungeon)

   It has been specially enchanted to burn those struck by it, causing extra
   injury to most foes and up to half again as much damage against particularly
   susceptible opponents.
   Big, fiery blades are also staple armaments of hydra-hunters.
   It affects your strength (+3).
   It protects you from negative energy.
Missiles
 c - 8 throwing nets
 l - 9 tomahawks
 q - 7 javelins (quivered)
Armour
 b - the +1 cloak of the Aged Tales (worn) {rElec rCorr Int+3 Slay+3}
   (You bought it in a shop on level 8 of the Dungeon)

   It affects your intelligence (+3).
   It affects your accuracy and damage with ranged weapons and melee attacks
   (+3).
   It insulates you from electricity.
   It protects you from acid and corrosion.
 v - the +2 cloak of Ericzah {rF+ rN+ MP-9 Slay+3}
   (You bought it in a shop on level 8 of the Dungeon)

   It affects your accuracy and damage with ranged weapons and melee attacks
   (+3).
   It protects you from fire.
   It protects you from negative energy.
   It affects your magic capacity (-9).
 S - a +2 robe of resistance (worn)
Jewellery
 n - an uncursed ring of protection from cold
 H - an amulet of magic regeneration (around neck)
 K - a ring of see invisible (left claw)
 U - a +5 ring of protection (right claw)
Wands
 r - a wand of digging (16/24)
 A - a wand of heal wounds (8/9)
 B - a wand of iceblast (3/15)
 L - a wand of lightning (4/15)
 M - a wand of flame (9/48)
 X - a wand of acid (10/15)
Scrolls
 a - 2 scrolls of identify
 e - 11 scrolls of remove curse
 h - 4 scrolls of magic mapping
 j - a scroll of enchant armour
 o - 3 scrolls of teleportation
 G - 4 scrolls of fear
 V - 2 scrolls of blinking
Potions
 i - 2 potions of might
 p - 7 potions of cancellation
 s - 3 potions of agility
 x - 10 potions of curing
 C - 3 potions of heal wounds
 E - 4 potions of cure mutation
 Y - a potion of resistance
Comestibles
 d - 5 beef jerkies
 f - a bread ration
 t - 13 fruits


   Skills:
 + Level 10.6 Fighting
 * Level 4.6(5.1) Polearms
 - Level 3.1(4.3) Staves
 + Level 7.4 Armour
 + Level 7.5 Dodging
 + Level 6.3 Stealth
 + Level 12.4 Unarmed Combat
 - Level 7.0 Invocations
 + Level 6.8 Evocations


You had 13 spell levels left.
You didn't know any spells.

Dungeon Overview and Level Annotations

Branches:
Dungeon (13/15)            Temple (1/1) D:4            Lair (6/6) D:11
  Swamp (0/4) Lair:2        Snake (0/4) Lair:2        Slime (0/5) Lair:6
    Orc (2/2) D:9             Elf (0/3) Orc:2
 Vaults: D:13-14

Altars:
Ashenzari
Cheibriados
Dithmenos
Elyvilon
Fedhas
Gozag
Hepliaklqana
Kikubaaqudgha
Makhleb
Nemelex Xobeh
Okawaru
Pakellas
Qazlal
Ru
Sif Muna
Trog
Uskayaw
Vehumet
Xom
Yredelemnul
Zin
The Shining One
Jiyva

Shops:
D:5 ?   D:8 [   D:9 %

Portals:
Trove: D:10 (give +5 ice dragon armour)

Annotations:
Orc:2 1 runed door


Innate Abilities, Weirdness & Mutations

You are too large for most types of armour.
You have claws for hands.
Your metabolism is lightning-fast.
You like to eat raw meat.
You heal very quickly.
You are covered in fur. (AC +1)
You have very tough skin. (AC +2)


Message History

The giant frog misses you.
The death knight offers itself to Yredelemnul, and fills with unholy energy.
You see here a faintly humming naga barding.
The phantasmal warrior blinks!
The wraith closely misses you.
The phantasmal warrior hits you but does no damage.
The phantasmal warrior misses you.
There is an open door here.
The phantasmal warrior blinks!
The phantasmal warrior hits you!
* * * LOW HITPOINT WARNING * * *
The wraith barely misses you.
You mangle the phantasmal warrior!!
The phantasmal warrior is severely damaged.
The orc barely misses you. The phantasmal warrior hits you.
* * * LOW HITPOINT WARNING * * *
The wraith hits you but does no damage.
Unknown command.
The phantasmal warrior hits you!
* * * LOW HITPOINT WARNING * * *
The phantasmal warrior hits you!!
You die...

.........# #........÷..#
.>...[...######...........#
...)†)...#...........)÷...#.
..#.....###...##...###..###..
##
###...########...###..###..###.
#..........#..........#.......
#..........#..........#.......
#..........#..........#...[...
#........oz#W@..<.....#.......
#........Fp'.W........#.......
##...##...#########'###'####..
########## ##...##.####..
+............. #....#########
#....# #....# #....#


You could see a death knight, a phantasmal warrior, a wraith and a giant frog.

Vanquished Creatures
  5 slime creatures (D:12)
  Erolcha (D:11)
  4 hydras
  2 centaur warriors
  9 death yaks
  6 hill giants
  An unseen horror (D:11)
  Pikel (D:4)
  3 ugly things
  2 orc sorcerers (Orc:2)
  2 cyclopes
  2 griffons
  Maurice (D:9)
  2 black mambas (Lair:4)
  16 elephants
  10 spiny frogs
  6 komodo dragons
  The ghost of CInkIbrahim the Spear-Bearer, a novice OpGl of Ashenzari (D:6)
  4 rime drakes
  3 trolls
  5 polar bears
  A two-headed ogre (D:12)
  6 blink frogs
  Prince Ribbit (Lair:3)
  3 boulder beetles
  13 spriggans (Lair:6)
  2 redbacks (Lair:6)
  A wyvern (D:12)
  33 yaks
  A hungry ghost (D:11)
  4 vampire mosquitoes (D:11)
  4 basilisks
  4 hippogriffs
  Grum (D:9)
  3 swamp worms (Lair:2)
  A warg (Orc:2)
  A mottled dragon (D:12)
  A soldier ant (D:11)
  2 nagas (Lair:2)
  6 water moccasins
  5 porcupines
  2 sky beasts
  15 orc warriors
  2 eyes of draining
  3 ice beasts
  A phantom (D:6)
  A black bear (Lair:6)
  2 wasps (Lair:6)
  11 ogres
  3 boggarts (Lair:6)
  5 crocodiles
  25 wolves
  14 centaurs
  A big kobold (D:13)
  3 giant frogs
  2 gnoll sergeants
  A scorpion (D:10)
  16 killer bees
  9 wights
  2 electric eels
  6 howler monkeys
  3 crimson imps
  2 centaur zombies
  2 giant frog zombies
  A jelly (D:5)
  9 orc priests
  7 hounds
  3 giant frog skeletons
  Crazy Yiuf (D:6)
  16 orc wizards
  9 iguanas
  6 worker ants
  10 sheep
  A hound zombie (D:5)
  A hound skeleton (D:5)
  A worker ant zombie (D:11)
  16 gnolls
  16 adders
  52 river rats
  3 shadow imps
  2 adder skeletons
  5 worms
  A dart slug (D:3)
  6 giant geckos
  30 orcs
  7 bats
  3 giant cockroaches
  3 goblins
  5 hobgoblins
  8 jackals
  5 quokkas
  A ball python (D:4)
  2 giant gecko skeletons
  6 giant newts
  7 kobolds
  7 rats
  A fungus (Lair:3)
561 creatures vanquished.

Vanquished Creatures (collateral kills)
  Harold (D:11)
  An unseen horror (D:10)
  4 elephants
  A centaur skeleton (D:12)
  A spiny frog (Lair:5)
  A two-headed ogre (Orc:1)
  A slime creature (D:12)
  A blink frog (Lair:3)
  3 spriggans (Lair:6)
  4 yaks
  2 swamp worms (Lair:2)
  A water moccasin (Lair:6)
  2 orc warriors
  2 ice beasts
  A black bear (Lair:6)
  An eye of draining (D:12)
  A centaur (Orc:2)
  An ogre (D:12)
  2 wolves (Lair:6)
  2 giant frogs
  2 killer bees (D:10)
  A howler monkey (D:10)
  2 giant frog skeletons
  3 sheep
  2 hound skeletons
  A howler monkey zombie (D:7)
  A worker ant zombie (D:7)
  2 adders (D:12)
  13 river rats
  12 orcs
  2 jackals (D:4)
  A kobold (D:13)
  A plant (Lair:3)
76 creatures vanquished.

Vanquished Creatures (others)
  A centaur (Orc:2)
  Blork the orc (D:4)
  An iguana (D:4)
  15 hexers
  A giant cockroach (D:4)
  3 fungi
  2 plants
24 creatures vanquished.

Grand Total: 661 creatures vanquished

Notes
Turn   | Place    | Note
-------+----------+-------------------------------------------
     0 | D:1      | mrath the Troll Monk began the quest for the Orb.
     0 | D:1      | Reached XP level 1. HP: 22/22 MP: 0/0
   254 | D:1      | Reached XP level 2. HP: 29/29 MP: 1/1
   841 | D:2      | Reached skill level 4 in Unarmed Combat
   843 | D:2      | Reached XP level 3. HP: 27/36 MP: 2/2
  1158 | D:2      | Reached skill level 5 in Unarmed Combat
  1158 | D:2      | Reached XP level 4. HP: 43/44 MP: 3/3
  1481 | D:3      | Found a hide-covered altar of Uskayaw.
  1825 | D:3      | Reached XP level 5. HP: 50/50 MP: 4/4
  1828 | D:3      | Found a shimmering altar of Xom.
  2249 | D:4      | Noticed a slave
  2249 | D:4      | Noticed a slave
  2250 | D:4      | Noticed a slave
  2251 | D:4      | Noticed Pikel
  2255 | D:4      | Noticed a slave
  2255 | D:4      | Noticed Blork the orc
  2257 | D:4      | Found a staircase to the Ecumenical Temple.
  2282 | D:4      | Killed Pikel
  2282 | D:4      | Reached skill level 8 in Unarmed Combat
  2282 | D:4      | Reached XP level 6. HP: 15/59 MP: 5/5
  2282 | D:4      | Reached XP level 7. HP: 17/66 MP: 6/6
  2293 | D:4      | Killed Blork the orc
  2294 | Temple   | Entered the Ecumenical Temple
  2464 | Temple   | Became a worshipper of Hepliaklqana
  2464 | Temple   | Reached * piety under Hepliaklqana
  2464 | Temple   | Reached ** piety under Hepliaklqana
  2465 | Temple   | Remembered your ancestor Quintus as a hexer
  2991 | D:4      | Found a burning altar of Makhleb.
  3002 | D:4      | Found an opulent altar of Gozag.
  3030 | D:4      | Reached skill level 9 in Unarmed Combat
  3761 | D:5      | Entered Level 5 of the Dungeon
  3840 | D:5      | Reached XP level 8. HP: 70/74 MP: 7/7
  3860 | D:5      | Found Guptox's Magic Scroll Emporium.
  3873 | D:5      | Reached skill level 1 in Armour
  3880 | D:5      | Bought a scroll of random uselessness for 13 gold pieces
  3880 | D:5      | Bought a scroll of identify for 26 gold pieces
  3880 | D:5      | Bought a scroll of identify for 26 gold pieces
  3880 | D:5      | Bought a scroll of magic mapping for 45 gold pieces
  3903 | D:5      | Found a radiant altar of Vehumet.
  4158 | D:5      | Found a stormy altar of Qazlal.
  4281 | D:5      | Reached skill level 1 in Invocations
  4347 | D:6      | Reached skill level 1 in Evocations
  4551 | D:6      | Reached *** piety under Hepliaklqana
  4579 | D:6      | Noticed CInkIbrahim's ghost (novice OpGl)
  4834 | D:6      | Found a runed door.
  4838 | D:6      | Noticed Crazy Yiuf
  4842 | D:6      | Killed Crazy Yiuf
  5289 | D:7      | Reached XP level 9. HP: 71/84 MP: 9/9
  5458 | D:7      | Got a translucent bardiche
  5523 | D:7      | Found a glowing golden altar of the Shining One.
  5732 | D:7      | Found an ancient bone altar of Kikubaaqudgha.
  5994 | D:6      | Killed CInkIbrahim's ghost
  6394 | D:8      | Reached skill level 5 in Fighting
  6423 | D:8      | Reached **** piety under Hepliaklqana
  6533 | D:8      | You fall through a shaft for 3 floors!
  6539 | D:10     | Entered Level 10 of the Dungeon
  6557 | D:10     | Noticed a hill giant
  6571 | D:10     | Killed a hill giant
  6782 | D:11     | Reached XP level 10. HP: 40/96 MP: 11/11
  6937 | D:11     | Reached skill level 10 in Unarmed Combat
  7091 | D:11     | Noticed a hill giant
  7145 | D:11     | Killed a hill giant
  7211 | D:11     | Got a translucent bardiche
  7230 | D:10     | Found a portal to a secret trove of treasure.
  7296 | D:10     | Noticed an unseen horror
  7305 | D:10     | Killed an unseen horror
  7352 | D:9      | Found Motiej's Food Shoppe.
  7536 | D:9      | Noticed Maurice
  7545 | D:9      | Killed Maurice
  7562 | D:9      | Found a snail-covered altar of Cheibriados.
  7866 | D:8      | Found Gipleg's Antique Armour Shoppe.
  7889 | D:8      | Bought a steaming cloak for 228 gold pieces
  7897 | D:8      | Identified the +2 cloak of Ericzah {rF+ rN+ MP-9 Slay+3} (You bought it in a shop on level 8 of the Dungeon)
  8543 | D:9      | Noticed a cyclops
  8557 | D:9      | Killed a cyclops
  8696 | D:9      | Reached ***** piety under Hepliaklqana
  8696 | D:9      | Noticed Grum
  8712 | D:9      | Killed Grum
  8827 | D:9      | Found an iron altar of Okawaru.
  8895 | D:9      | Reached XP level 11. HP: 101/107 MP: 4/13
  8953 | D:9      | Found a staircase to the Orcish Mines.
  9273 | D:10     | Reached skill level 5 in Dodging
  9480 | D:10     | Noticed a hill giant
  9490 | D:10     | Killed a hill giant
  9763 | D:11     | Noticed Harold
  9770 | D:11     | Killed Harold
  9913 | D:11     | Noticed a hill giant
  9930 | D:11     | Killed a hill giant
  9930 | D:11     | Reached skill level 5 in Invocations
 10003 | D:11     | Found a staircase to the Lair.
 10188 | D:11     | Noticed an unseen horror
 10201 | D:11     | Killed an unseen horror
 10215 | D:11     | Noticed a centaur warrior
 10230 | D:11     | Killed a centaur warrior
 10384 | D:11     | Noticed Erolcha
 10389 | D:11     | Killed Erolcha
 10823 | Lair:1   | Entered Level 1 of the Lair of Beasts
 10944 | Lair:1   | Reached skill level 5 in Armour
 10944 | Lair:1   | Reached skill level 11 in Unarmed Combat
 11043 | Lair:1   | Reached XP level 12. HP: 120/120 MP: 6/15
 12069 | Lair:2   | Found a staircase to the Snake Pit.
 12231 | Lair:2   | Found a staircase to the Swamp.
 12454 | Lair:2   | Reached ****** piety under Hepliaklqana
 12584 | Lair:2   | Noticed a four-headed hydra
 12600 | Lair:1   | Identified the +7 bardiche of Araugh {pain, -Tele Int+6} (You found it on level 11 of the Dungeon)
 12650 | Lair:2   | Identified the +7 bardiche "Zeute" {flame, rN+ Str+3} (You found it on level 7 of the Dungeon)
 12882 | Lair:2   | Noticed a seven-headed hydra
 12984 | Lair:2   | Killed a four-headed hydra
 12984 | Lair:2   | Reached skill level 5 in Evocations
 13072 | Lair:2   | Killed a seven-headed hydra
 13311 | Lair:2   | Reached skill level 1 in Staves
 13360 | Lair:2   | Reached skill level 5 in Stealth
 14312 | Lair:3   | Noticed Prince Ribbit
 14326 | Lair:3   | Killed Prince Ribbit
 15013 | Lair:4   | Reached XP level 13. HP: 98/131 MP: 7/16
 17330 | Lair:4   | Reached skill level 1 in Polearms
 17338 | Lair:4   | Reached skill level 10 in Fighting
 17501 | Lair:6   | Entered Level 6 of the Lair of Beasts
 18158 | Lair:6   | Reached skill level 12 in Unarmed Combat
 18328 | Lair:6   | Found a viscous altar of Jiyva.
 18328 | Lair:6   | Found a staircase to the Slime Pits.
 18512 | Lair:6   | Reached XP level 14. HP: 141/143 MP: 9/18
 20119 | Orc:1    | Entered Level 1 of the Orcish Mines
 20649 | Orc:2    | Entered Level 2 of the Orcish Mines
 21055 | Orc:2    | Found a runed door.
 21177 | Orc:2    | Found a staircase to the Elven Halls.
 22103 | D:8      | Bought a polished cloak for 228 gold pieces
 22113 | D:8      | Identified the +1 cloak of the Aged Tales {rElec rCorr Int+3 Slay+3} (You bought it in a shop on level 8 of the Dungeon)
 23808 | D:13     | Slain by a phantasmal warrior

Vault maps used:
D:1:      moated_graveyard_arrival
D:3:      xom_butterflies, eat_drink_and_be_merry_uskayaw, first_bread
D:4:      nicolae_overflow_hidden_temple, makhleb_heckhound_becter, uniq_pikel,
          uniq_blork_the_orc
D:5:      marbit_many_paths, vehumet_crystals, serial_shops, shop
D:6:      uniq_crazy_yiuf_cottage
D:7:      tso_altar, lemuel_round_altar
D:8:      serial_shops, nicolae_shop_temple_entry_statues_fountains
D:9:      kennysheep_mini, slow_altar_1, orc_0_dummy, serial_shops, shop_coins,
          uniq_grum, uniq_maurice
D:10:     nicolae_trove_entry_free_sample
D:11:     david_lair_shrubbed, uniq_erolcha, uniq_harold
D:13:     grunt_vaults_entry_tiered, hangedman_fish_farm
Temple:   dshaligram_water_room_temple
Lair:1:   grunt_megastairs_5, serial_bayou_shore_b
Lair:2:   nicolae_swamp_entry_splash_gauntlet, guppyfry_snake_entry_garden
Lair:3:   lemuel_fruit_fields, serial_bayou_shore_a, serial_bayou_shore_b,
          grunt_megastairs_2, uniq_prince_ribbit2
Lair:5:   serial_bayou_shore_b
Lair:6:   minmay_lair_end_enchanted_forest, slime_altar_1,
          bh_autumn_forest_stairs, serial_bayou_shore_b
Orc:2:    st_orc_rangers, special_room, lightli_church_of_beogh

Skill      XL: |  1  2  3  4  5  6  7  8  9 10 11 12 13 14 |
---------------+-------------------------------------------+-----
Unarmed Combat | 4 5 8 9 10 11 12 | 12.4
Armour         | 2 3 4 5 6 7 |  7.4
Fighting       | 4 5 6 8 9 10 | 10.6
Invocations    | 2 3 4 5 6 7 |  7.0
Evocations     | 2 3 4 5 6 |  6.8
Dodging        | 3 4 5 6 7 |  7.5
Stealth        | 2 3 4 5 6 |  6.3
Staves         | 2 3 |  3.1
Polearms       | 2 4 |  4.6

Action                   |  1- 3 |  4- 6 |  7- 9 | 10-12 | 13-15 || total
-------------------------+-------+-------+-------+-------+-------++-------
Melee: Unarmed           |    67 |    99 |   280 |   605 |   769 ||  1820
       Punch             |     1 |       |     7 |    40 |    60 ||   108
       Quarterstaff      |       |       |       |    51 |    10 ||    61
Throw: Tomahawk          |       |     2 |     1 |    11 |     6 ||    20
       Javelin           |       |       |       |       |     2 ||     2
Invok: Recall Ancestor   |       |       |     4 |       |     1 ||     5
       Ancestor Life: He |       |       |     1 |       |       ||     1
       Ancestor Identity |       |       |     1 |       |       ||     1
Evoke: Wand              |       |       |       |       |     1 ||     1
  Use: Scroll            |       |       |     3 |    12 |     6 ||    21
       Potion            |       |       |       |     1 |       ||     1
 Stab: Sleeping          |       |     1 |     1 |    11 |     7 ||    20
       Distracted        |       |       |     4 |     6 |    14 ||    24
       Confused          |       |       |     1 |    12 |    12 ||    25
  Eat: Chunk             |    16 |     8 |    40 |    80 |    80 ||   224
       Beef jerky        |       |       |     1 |       |       ||     1
Armor: Robe              |    16 |    30 |    82 |   228 |   293 ||   649
Dodge: Dodged            |    37 |    33 |   143 |   356 |   535 ||  1104
